 Dungeon Crawl Stone Soup version 0.31-a0-1591-g515db51633 (webtiles) character file.

Game seed: 6925269477535693119

14108 Conn the Destroyer (level 12, -6/120 HPs)
             Began as an Octopode Fire Elementalist on Jan 6, 2024.
             Was a Priest of Sif Muna.
             Shot with an arrow by a centaur warrior (13 damage)
             ... on level 13 of the Dungeon.
             The game lasted 00:43:16 (13427 turns).

Conn the Destroyer (Octopode Fire Elementalist)    Turns: 13427, Time: 00:43:17

Health: -6/120     AC: 30    Str:  8    XL:     12   Next: 13%
Magic:  7/23       EV:  2    Int: 25    God:    Sif Muna [***...]
Gold:   563        SH:  0    Dex: 15    Spells: 10/26 levels left

rFire   . . .        q - +3 scythe (holy)
rCold   . . .        (shield currently unavailable)
rNeg    . . .        (helmet currently unavailable)
rPois   +            v - amulet of regeneration
rElec   .            t - ring of Bithreal {AC+4 Dex+4}
rCorr   .            y - ring of willpower
SInv    .            (no ring)
Will    +....        (no ring)
Stlth   +++          (no ring)
HPRegen 1.20/turn    (no ring)
MPRegen 0.18/turn    (no ring)
                     (no ring)

%: random rage (3%)
@: tree-form
A: stationary, stasis, torment immunity, boosted hp, almost no armour,
(amphibious), 8 rings, (camouflage 1), (gelatinous body 1), (nimble swimmer 1),
(tentacles), (iridescent scales 2), berserk 1, clever 1
a: Renounce Religion, Channel Magic, Forget Spell


You were on level 13 of the Dungeon.
You worshipped Sif Muna.
Sif Muna was most pleased with you.
You were a tree.
You visited 2 branches of the dungeon, and saw 14 of its levels.

You collected 659 gold pieces.
You spent 96 gold pieces at shops.

Inventory:

Hand Weapons
 n - a +5 battleaxe
 q - a +3 scythe of holy wrath (weapon)
Missiles
 h - 77 poisoned darts
 B - 4 throwing nets
 I - 2 curare-tipped darts
Jewellery
 t - the ring of Bithreal (left branch) {AC+4 Dex+4}
   (You found it on level 3 of the Dungeon)

   [ring of protection]

   AC+4:      It affects your AC (+4).
   Dex+4:     It affects your dexterity (+4).
 u - a ring of ice
 v - an amulet of regeneration (around neck)
 y - a ring of willpower (right branch)
Talismans
 H - the flux talisman of the Several Friars {rC+ Int+6 Slay+3}
   (You found it on level 9 of the Dungeon)

   [flux talisman]

   Int+6:     It affects your intelligence (+6).
   Slay+3:    It affects your accuracy & damage with ranged weapons and melee
   (+3).
   rC+:       It protects you from cold.
Wands
 m - a wand of roots (8)
 p - a wand of flame (28)
 E - a wand of paralysis (17)
 F - a wand of mindburst (1)
 J - a wand of polymorph (8)
Scrolls
 b - 4 scrolls of fear
 c - a scroll of blinking
 i - 3 scrolls of poison
 w - 2 scrolls of immolation
 x - 3 scrolls of teleportation
 z - 2 scrolls of enchant armour
 C - a scroll of torment
 D - 4 scrolls of identify
 G - 2 scrolls of revelation
Potions
 a - 2 potions of magic
 d - a potion of cancellation {unknown}
 e - 2 potions of mutation
 f - 3 potions of curing {unknown}
 g - a potion of resistance {unknown}
 j - a potion of enlightenment
 k - 2 potions of attraction {unknown}
 l - 2 potions of invisibility
 o - a potion of lignification
 r - 2 potions of haste
 A - a potion of might {unknown}


   Skills:
 + Level 6.5 Fighting
 + Level 5.3(6.7) Axes
 + Level 6.0(7.0) Polearms
 + Level 6.5 Dodging
 - Level 5.0 Stealth
 * Level 7.8 Spellcasting
 * Level 8.4 Conjurations
 + Level 3.8 Hexes
 + Level 1.5 Summonings
 + Level 6.7 Fire Magic
 + Level 1.8 Ice Magic
 + Level 4.2 Invocations


You had 10 spell levels left.
You knew the following spells:

 Your Spells              Type           Power      Damage    Failure   Level
a - Foxfire               Conj/Fire      100%       2x1d9     1%          1
b - Scorch                Fire           86%        2d8       1%          2
c - Inner Flame           Hex/Fire       36%        N/A       1%          3
d - Flame Wave            Conj/Fire      47%        2d12      2%          4
e - Hailstorm             Conj/Ice       35%        3d8       2%          3
f - Summon Ice Beast      Ice/Summ       18%        N/A       10%         3

Your spell library contained the following spells:

 Spells                   Type           Power      Damage    Failure   Level
 Kiss of Death            Conj/Necr      100%       2d13      1%          1
 Freeze                   Ice            76%        1d8       3%          1
 Ensorcelled Hibernation  Hex/Ice        48%        N/A       3%          2
 Confusing Touch          Hex            29%        N/A       3%          3
 Volatile Blastmotes      Fire/Tloc      52%        2d14      4%          3
 Frozen Ramparts          Ice            38%        1d6       9%          3
 Sticky Flame             Fire/Alch      26%        2d6       16%         4
 Fugue of the Fallen      Necr           9%         N/A       19%         3
 Anguish                  Hex/Necr       9%         N/A       28%         4
 Summon Mana Viper        Hex/Summ       23%        N/A       50%         5
 Dispel Undead            Necr           9%         3d8       52%         4
 Monstrous Menagerie      Summ           8%         N/A       100%        7


Dungeon Overview and Level Annotations

Branches:
Dungeon (13/15)            Temple (1/1) D:7             Orc (0/2) D:10
   Lair: D:8-11      Vaults: D:13-14

Altars:
Ashenzari
Cheibriados
Dithmenos
Elyvilon
Fedhas
Gozag
Hepliaklqana
Kikubaaqudgha
Makhleb
Nemelex Xobeh
Okawaru
Qazlal
Ru
Sif Muna
Trog
Uskayaw
Vehumet
Wu Jian
Xom
Yredelemnul
Zin
The Shining One

Shops:
D:9 !   D:10 *

Portals:
Trove: D:12 (give +7 demon trident)


Innate Abilities, Weirdness & Mutations

You are a tree.
Your roots penetrate the ground, keeping you stationary.
You cannot be teleported.
You are immune to unholy pain and torment.
Your maximum health is greatly increased.
You cannot wear most types of armour.
((You are amphibious.))
You can wear up to eight rings at the same time.
((Your skin changes colour to match your surroundings (Stealth+).))
((Your rubbery body absorbs attacks. (AC +1, EV +1)))
((You are camouflaged when in or above water. (Stealth+)))
((You have tentacles for arms and can constrict up to eight enemies at once.))
((You are mostly covered in iridescent scales. (AC +4)))
You sometimes lose your temper in combat.
Your mind is acute. (Int +4, Str/Dex -1)


Message History

Unknown command.
Casting: Flame Wave (mildly dangerous; 2% risk of failure)
Confirm with . or Enter, or press ? or * to list all spells.
You conjure some foxfire!
The centaur warrior shoots an arrow.
The arrow hits you!
* * * LOW HITPOINT WARNING * * *
Unknown command.
Unknown command.
Casting: Foxfire (safe; 1% risk of failure)
Confirm with . or Enter, or press ? or * to list all spells.
You conjure some foxfire!
The foxfire hits the centaur warrior.
The centaur warrior is lightly wounded.
The foxfire hits the centaur warrior but does no damage.
The centaur warrior is lightly wounded.
The centaur warrior shoots an arrow.
The arrow hits you but does no damage.
Unknown command.
Casting: Foxfire (safe; 1% risk of failure)
Confirm with . or Enter, or press ? or * to list all spells.
You conjure some foxfire!
The foxfire hits the centaur warrior.
The centaur warrior is lightly wounded.
The foxfire hits the centaur warrior.
The centaur warrior is moderately wounded.
The centaur warrior shoots an arrow.
The arrow completely misses you. The arrow hits your foxfire!
The centaur warrior shoots an arrow.
The arrow hits you!
* * * LOW HITPOINT WARNING * * *
Okay, then.
Unknown command.
Unknown command.
Okay, then.
Unknown command.
As you read the scroll of fear, it crumbles to dust.
You assume a fearsome visage.
The centaur warrior looks frightened!
The foxfire hits the centaur warrior.
The centaur warrior is moderately wounded.
Your attack snaps the centaur warrior out of its fear.
The foxfire hits the centaur warrior.
The centaur warrior is moderately wounded.
The centaur warrior shoots an arrow.
The arrow hits you!
You die...

#..#
#####.#
#...
#.....#
#...
##'#######
#....
#........#
+...>....#
#........#
#........#
#..§.§...#
#..§♣§...#
##..).####
####c..
.....
.....#
.....#
.....#
.....#


You could see a centaur warrior.

Vanquished Creatures
  A centaur warrior (D:13)
  2 two-headed ogres (D:10)
  The ghost of lurch the Caller, a novice OpSu of Hepliaklqana (D:8)
  A cyclops (D:13)
  A manticore (D:10)
  An elephant (D:11)
  2 unseen horrors
  2 kobold demonologists
  A tengu conjurer (D:11)
  A komodo dragon (D:10)
  3 trolls
  Grinder (D:3)
  3 shadows
  Sigmund (D:3)
  3 wraiths
  4 wyverns
  A vampire (D:9)
  8 yaks
  A water moccasin (D:9)
  2 acid dragons
  4 black bears
  2 ice beasts (D:8)
  A sky beast (D:6)
  4 orc warriors
  4 ogres
  5 centaurs
  A gnoll sergeant (D:7)
  8 kobold brigands
  3 scorpions
  4 bullfrogs
  13 wights
  2 howler monkeys
  5 electric eels (D:6)
  2 bombardier beetles (D:6)
  3 hounds
  2 jellies
  12 orc priests
  4 gnoll boudas
  Jessica (D:3)
  2 sleepcaps
  Terence (D:3)
  An iguana (D:6)
  4 orc wizards
  19 gnolls
  10 adders
  A shadow imp (D:6)
  3 white imps
  2 ufetubi (D:6)
  3 dart slugs
  A ribbon worm (D:2)
  33 orcs
  7 ball pythons
  5 bats
  9 endoplasms
  7 giant cockroaches
  6 hobgoblins
  6 jackals
  4 quokkas
  5 frilled lizards
  6 goblins
  31 kobolds
  4 rats
290 creatures vanquished.

Vanquished Creatures (collateral kills)
  3 foxfires (D:6)
3 creatures vanquished.

Vanquished Creatures (others)
  775 foxfires
775 creatures vanquished.

Grand Total: 1068 creatures vanquished

Notes
Turn   | Place    | Note
-------+----------+-------------------------------------------
     0 | D:1      | Conn the Octopode Fire Elementalist began the quest for the
                  | Orb.
     0 | D:1      | Reached XP level 1. HP: 11/11 MP: 3/3
   208 | D:1      | Reached XP level 2. HP: 17/17 MP: 1/5
   558 | D:1      | Reached XP level 3. HP: 21/21 MP: 1/6
  1621 | D:2      | Reached XP level 4. HP: 25/27 MP: 7/7
  1792 | D:2      | Reached skill level 2 in Conjurations
  1862 | D:2      | Found a faded altar of an unknown god.
  2174 | D:3      | Noticed Terence
  2185 | D:3      | Killed Terence
  2284 | D:3      | Reached XP level 5. HP: 15/31 MP: 1/9
  2360 | D:3      | Noticed Jessica
  2369 | D:3      | Killed Jessica
  2598 | D:3      | Noticed Sigmund
  2606 | D:3      | Killed Sigmund
  2607 | D:3      | Reached XP level 6. HP: 24/36 MP: 2/10
  2612 | D:3      | Reached skill level 3 in Conjurations
  2894 | D:3      | Identified the ring of Bithreal {AC+4 Dex+4}
  3149 | D:3      | Noticed Grinder
  3156 | D:3      | Learned a level 2 spell: Scorch
  3160 | D:3      | Learned a level 3 spell: Inner Flame
  3165 | D:3      | Learned a level 4 spell: Flame Wave
  3177 | D:3      | Killed Grinder
  3178 | D:3      | Reached skill level 5 in Stealth
  3178 | D:3      | Reached XP level 7. HP: 41/41 MP: 3/12
  4331 | D:5      | Entered Level 5 of the Dungeon
  4399 | D:5      | Reached skill level 1 in Fighting
  4399 | D:5      | Reached skill level 1 in Polearms
  4400 | D:5      | Reached skill level 4 in Conjurations
  4424 | D:5      | Gained mutation: You are dopey. (Int -2) [potion of
                  | mutation]
  4424 | D:5      | Gained mutation: You are frail. (-10% HP) [potion of
                  | mutation]
  4424 | D:5      | Gained mutation: You are somewhat resistant to further
                  | mutation. [potion of mutation]
  4425 | D:5      | Lost mutation: You are somewhat resistant to further
                  | mutation. [potion of mutation]
  4425 | D:5      | Lost mutation: You are frail. (-10% HP) [potion of
                  | mutation]
  4425 | D:5      | Lost mutation: You are dopey. (Int -2) [potion of mutation]
  4425 | D:5      | Gained mutation: You sometimes lose your temper in combat.
                  | [potion of mutation]
  4425 | D:5      | Gained mutation: You are partially covered in iridescent
                  | scales. (AC +2) [potion of mutation]
  4425 | D:5      | Gained mutation: Your mind is acute. (Int +4, Str/Dex -1)
                  | [potion of mutation]
  4425 | D:5      | Gained mutation: You are mostly covered in iridescent
                  | scales. (AC +4) [potion of mutation]
  4524 | D:6      | Reached XP level 8. HP: 42/48 MP: 10/14
  5123 | D:6      | Reached skill level 5 in Fire Magic
  5343 | D:6      | Reached skill level 5 in Spellcasting
  5343 | D:6      | Reached skill level 5 in Conjurations
  5670 | D:5      | Learned a level 3 spell: Hailstorm
  5689 | D:5      | Reached XP level 9. HP: 53/57 MP: 4/16
  6151 | D:5      | Found a broken altar of Ashenzari.
  6725 | D:7      | Found a staircase to the Ecumenical Temple.
  6747 | Temple   | Entered the Ecumenical Temple
  6753 | Temple   | Became a worshipper of Sif Muna the Loreminder
  6787 | D:7      | Found a sacrificial altar of Ru.
  7298 | D:7      | Reached skill level 5 in Dodging
  7581 | D:7      | Reached skill level 1 in Axes
  7732 | D:7      | Reached * piety under Sif Muna
  7780 | D:7      | Reached skill level 6 in Conjurations
  8016 | D:8      | Found a blossoming altar of Fedhas.
  8020 | D:8      | Reached skill level 1 in Invocations
  8026 | D:8      | Reached skill level 1 in Hexes
  8066 | D:8      | Reached XP level 10. HP: 65/65 MP: 8/19
  8389 | D:8      | Found a runed translucent gate.
  8389 | D:8      | Found a runed translucent gate.
  8389 | D:8      | Noticed lurch's ghost (novice OpSu)
  8391 | D:8      | Found a runed translucent gate.
  8401 | D:8      | Killed lurch's ghost
  8402 | D:8      | Reached skill level 5 in Fighting
  9241 | D:9      | Reached ** piety under Sif Muna
  9285 | D:9      | Found a hazy altar of Hepliaklqana.
  9328 | D:9      | Found Eppizoh's Distillery.
  9336 | D:9      | Bought a potion of lignification for 36 gold pieces
  9336 | D:9      | Bought a potion of heal wounds for 60 gold pieces
  9498 | D:9      | Identified the flux talisman of the Several Friars {rC+
                  | Int+6 Slay+3}
  9925 | D:9      | Found an opulent altar of Gozag.
  9943 | D:9      | Found a basalt altar of Yredelemnul.
 10168 | D:10     | Entered Level 10 of the Dungeon
 10204 | D:10     | Reached skill level 5 in Polearms
 10204 | D:10     | Reached skill level 7 in Conjurations
 10760 | D:10     | Noticed a manticore
 10764 | D:10     | Killed a manticore
 10769 | D:10     | Reached XP level 11. HP: 65/72 MP: 7/21
 10773 | D:10     | Noticed a two-headed ogre
 10828 | D:10     | Killed a two-headed ogre
 11005 | D:11     | Noticed a fire dragon
 11205 | D:10     | Reached *** piety under Sif Muna
 11419 | D:10     | Found a staircase to the Orcish Mines.
 11461 | D:10     | Found Wuuph's Lightly-Used Armoury.
 11740 | D:10     | Noticed a two-headed ogre
 11746 | D:10     | Killed a two-headed ogre
 11908 | D:10     | Found a burning altar of Makhleb.
 11908 | D:10     | Noticed a cacodemon
 12111 | D:11     | Learned a level 3 spell: Summon Ice Beast
 12183 | D:11     | Reached skill level 5 in Axes
 12344 | D:11     | Reached skill level 8 in Conjurations
 12344 | D:11     | Reached skill level 1 in Ice Magic
 12506 | D:11     | Reached skill level 1 in Summonings
 12862 | D:12     | Found a portal to a secret trove of treasure.
 13053 | D:12     | Noticed a soul eater
 13059 | D:12     | Reached XP level 12. HP: 77/80 MP: 23/23
 13094 | D:12     | Identified the +1 leather armour of the Soldier {Regen+
                  | Str+5 Dex-4}
 13406 | D:13     | Noticed a centaur warrior
 13421 | D:13     | Killed a centaur warrior
 13423 | D:13     | Noticed a centaur warrior
 13426 | D:13     | HP: 6/120 [centaur warrior/arrow (7)]
 13427 | D:13     | Shot with an arrow by a centaur warrior

Illustrated notes

Levels and vault maps discovered:
D:1:      orjb1_clovarrival, layout_basic
D:2:      layout_loops_ring, shapermc_ecumenical_altar_mp_ritualfount
D:3:      layout_basic, chequers_serial_rivers_large_b, uniq_terence,
          uniq_grinder, uniq_sigmund, uniq_jessica
D:4:      layout_loops_cross
D:5:      layout_basic, mainiacjoe_overflow_24_doors
D:6:      layout_loops_ring, chequers_big_river, minmay_misc_feat_roman
D:7:      layout_basic, mainiacjoe_overflow_catwalk,
          minmay_temple_entry_proselytizer
D:8:      layout_basic, mainiacjoe_overflow_concentric_impassable,
          ebering_ghost_rock_garden
D:9:      layout_small_grid, jmf_multi_god_temple2, nzn_hepliaklqana_mist_gate,
          serial_shops, shop, nicolae_figureground_sparkle
D:10:     layout_stronghold, makhleb_altar_promises_db, hiddenorc1_lemuel,
          serial_library_hellmonk_layered_room, minmay_shop_damaged
D:11:     layout_roguey, grunt_lair_entry_orc_guard_hut
D:12:     layout_loops_ring, enter_trove_3
D:13:     layout_roguey, david_vaults_4, gammafunk_ghost_mausoleum
Temple:   nicolae_temple_no_exploring_needed

Skill      XL: |  1  2  3  4  5  6  7  8  9 10 11 |
---------------+----------------------------------+-----
Stealth        | 3 4 5 |  5.0
Conjurations   | 2 3 4 5 6 7 8 |  8.4
Dodging        | 3 4 5 6 |  6.5
Spellcasting   | 3 4 5 6 7 |  7.8
Fire Magic     | 4 5 6 |  6.7
Fighting       | 1 3 4 5 6 |  6.5
Polearms       | 1 3 4 5 6 |  6.0
Axes           | 1 3 5 |  5.3
Invocations    | 1 2 4 |  4.2
Hexes          | 1 2 3 |  3.8
Ice Magic      | 1 |  1.8
Summonings     | 1 |  1.5

Action                     |  1- 3 |  4- 6 |  7- 9 | 10-12 || total
---------------------------+-------+-------+-------+-------++-------
  Melee: Unarmed           |    43 |    26 |       |       ||    69
         Constrict         |    12 |     8 |    16 |    14 ||    50
         Tentacles         |    12 |     4 |    13 |    33 ||    62
         Punch             |       |     2 |     1 |     2 ||     5
         Halberd           |       |     5 |    58 |   104 ||   167
         Battleaxe         |       |       |       |    17 ||    17
   Cast: Foxfire           |    59 |    59 |   216 |   105 ||   439
         Inner Flame       |       |     1 |    10 |    16 ||    27
         Scorch            |       |       |    21 |    34 ||    55
         Flame Wave        |       |       |     3 |    21 ||    24
         Hailstorm         |       |       |       |     2 ||     2
         Summon Ice Beast  |       |       |       |     1 ||     1
 Invoke: Channel Magic     |       |       |     1 |     2 ||     3
  Evoke: Wand              |       |       |       |     1 ||     1
    Use: Potion            |       |       |     2 |    10 ||    12
         Scroll            |       |       |     7 |     7 ||    14
   Stab: Sleeping          |     4 |     3 |     5 |     8 ||    20
         Distracted        |       |       |     1 |       ||     1
         Invisible         |       |       |       |     1 ||     1
 Armour: Skin              |    21 |    13 |    52 |   203 ||   289
  Dodge: Dodged            |    26 |    21 |    76 |   139 ||   262

Table legend: (Time is in decaauts)
 A = Elapsed time spent in this place.
 B = Non-inter-level travel time spent in this place.
 C = Inter-level travel time spent in this place.
 D = Time resting spent in this place.
 E = Time spent auto-exploring this place.
 F = Levels seen in this place.
 G = Mean time per level.
                   A        B        C        D        E       F      G
               +--------+--------+--------+--------+--------+-----+--------+
         Total |  13500 |  12981 |    519 |     82 |   9152 |  14 |  964.3 |
       Dungeon |  13487 |  12968 |    519 |     82 |   9152 |  13 | 1037.5 |
        Temple |     12 |     12 |      0 |      0 |      0 |   1 |   12.0 |
               +--------+--------+--------+--------+--------+-----+--------+

Top non-repeatable levels by time:
    D:10: 1728 daAuts
     D:3: 1536 daAuts
     D:6: 1367 daAuts
     D:7: 1286 daAuts
     D:9: 1198 daAuts
     D:1: 1119 daAuts
     D:2: 1028 daAuts
     D:8: 971 daAuts
     D:5: 946 daAuts
     D:4: 744 daAuts
    D:12: 734 daAuts
    D:11: 702 daAuts
    D:13: 124 daAuts
  Temple: 12 daAuts
